 Dungeon Crawl Stone Soup version 0.24-a0-459-g225fefd530 (webtiles) character file.

Game seed: 958018774301817586

2599 pk666 the Thaumaturge (level 9, -1/45 HPs)
             Began as a Deep Elf Wizard on June 29, 2019.
             Was a Believer of Vehumet.
             Slain by a porcupine (5 damage)
             ... while petrified by a basilisk
             ... on level 9 of the Dungeon.
             The game lasted 00:20:22 (10569 turns).

pk666 the Thaumaturge (Deep Elf Wizard)            Turns: 10569, Time: 00:20:23

Health: -1/45      AC:  5    Str:  4    XL:     9   Next: 33%
Magic:  35/42      EV:  2    Int: 27    God:    Vehumet [**....]
Gold:   596        SH:  0    Dex: 13    Spells: 18/27 levels left

rFire    . . .     SeeInvis .   p - +0 dagger
rCold    . . .     Gourm    .   (no shield)
rNeg     + + +     Faith    .   a - +0 robe
rPois    ∞         Spirit   .   b - +1 hat
rElec    .         Reflect  .   (no cloak)
rCorr    .         Harm     .   g - +0 pair of gloves
MR       .....                  z - +0 pair of boots
Stlth    ++........             (no amulet)
HPRegen  0.15/turn              t - ring of magical power
MPRegen  0.28/turn              w - ring of magical power

@: petrified
A: no striking features
a: Renounce Religion


You were on level 9 of the Dungeon.
You worshipped Vehumet.
Vehumet was pleased with you.
You were not hungry.

You visited 2 branches of the dungeon, and saw 10 of its levels.

You collected 596 gold pieces.

Inventory:

Hand Weapons
 p - a +0 dagger (weapon)
Armour
 a - a +0 robe (worn)
 b - a +1 hat (worn)
 g - a +0 pair of gloves (worn)
 z - a +0 pair of boots (worn)
Jewellery
 c - an uncursed ring of flight
 t - a ring of magical power (left hand)
 w - a ring of magical power (right hand)
Wands
 k - a wand of scattershot (5)
 r - a wand of digging (6)
 u - a wand of paralysis (18)
 E - a wand of flame (19)
 F - a wand of iceblast (15)
Scrolls
 h - 4 scrolls of teleportation
 i - 3 scrolls of immolation {unknown}
 j - 2 scrolls of fog {unknown}
 n - 6 scrolls of identify
 q - 5 scrolls of remove curse
 v - 3 scrolls of amnesia {unknown}
 x - 2 scrolls of blinking {unknown}
 y - 2 scrolls of magic mapping {unknown}
 A - a scroll of noise {unknown}
 B - a scroll of silence {unknown}
 C - 2 scrolls of enchant armour
 H - a scroll of enchant weapon {unknown}
Potions
 e - 4 potions of brilliance
 f - 2 potions of heal wounds {unknown}
 l - 3 potions of flight {unknown}
 m - 6 potions of curing {unknown}
 o - a potion of might {unknown}
 s - 3 potions of haste {unknown}
 D - a potion of cancellation {unknown}
 G - a potion of lignification {unknown}
Comestibles
 d - 14 rations


   Skills:
 + Level 5.1 Dodging
 - Level 2.4 Stealth
 + Level 9.7 Spellcasting
 + Level 7.2 Conjurations
   Level 1.1 Summonings
 - Level 3.0 Translocations
 + Level 6.5 Fire Magic
 - Level 2.0 Air Magic
 - Level 3.1 Poison Magic


You had 18 spell levels left.
You knew the following spells:

 Your Spells              Type           Power        Failure   Level  Hunger
a - Magic Dart            Conj           ####         1%          1    None
b - Blink                 Tloc           N/A          1%          2    None
c - Conjure Flame         Conj/Fire      ######..     1%          3    None
d - Mephitic Cloud        Conj/Pois/Air  #####...     2%          3    None

Your spell library contained the following spells:

 Spells                   Type           Power        Failure   Level  Hunger
 Throw Flame              Conj/Fire      ######       1%          2    None
 Searing Ray              Conj           ######       1%          2    None
 Iskenderun's Mystic Bla  Conj           ######..     2%          4    None
 Dazzling Spray           Conj/Hex       ####..       3%          3    None
 Stone Arrow              Conj/Erth      ####..       3%          3    None
 Corona                   Hex            ##.....      4%          1    None
 Call Imp                 Summ           ###.....     4%          2    None
 Force Lance              Conj/Tloc      #####...     5%          4    None
 Corpse Rot               Necr           N/A          7%          2    None
 Ensorcelled Hibernation  Hex/Ice        ##....       7%          2    None
 Slow                     Hex            ##......     7%          2    None
 Fulminant Prism          Conj/Hex       ####......   10%         4    None
 Confuse                  Hex            ##......     13%         3    None
 Tukima's Dance           Hex            ##......     13%         3    None
 Leda's Liquefaction      Hex/Erth       ##........   41%         4    None
 Summon Forest            Summ/Tloc      ###.......   47%         5    ####...
 Hydra Form               Tmut           ##........   100%        6    #####..
 Summon Hydra             Summ           ###.......   100%        7    #######


Dungeon Overview and Level Annotations

Branches:
Dungeon (9/15)             Temple (1/1) D:4
   Lair: D:8-11         Orc: D:9-12

Altars:
Ashenzari
Cheibriados
Dithmenos
Elyvilon
Fedhas
Gozag
Hepliaklqana
Nemelex Xobeh
Okawaru
Qazlal
Ru
Sif Muna
Trog
Vehumet
Wu Jian
Xom
Yredelemnul
The Shining One


Message History

The yak is killed!
Vehumet accepts your kill.
Your Dodging skill increases to level 5!
The porcupine barely misses the basilisk.
The basilisk bites you!
The porcupine seems less confused.
The basilisk gazes at you. The porcupine bites you.
The basilisk bites you but does no damage.
The basilisk bites you! The porcupine bites you!
* * * LOW HITPOINT WARNING * * *
The basilisk gazes at you. You resist with some effort.
The yak seems less confused.
The porcupine bites you!
* * * LOW HITPOINT WARNING * * *
The basilisk bites you. The basilisk gazes at you. You resist with some effort.
The porcupine bites you!
You die...

P..............
P..............
...............
...............
...............
...............
.......Y.......
......ll.......
......r@Y......
.....<<<.......
###############


You could see 2 yaks, 2 basilisks and a porcupine.

Vanquished Creatures
  A yak (D:9)
  2 hungry ghosts
  A water moccasin (D:5)
  An ice beast (D:5)
  5 ogres
  A sky beast (D:6)
  3 scorpions
  5 wights (D:7)
  4 howler monkeys
  2 crimson imps (D:5)
  A quasit (D:6)
  3 hounds
  3 orc wizards
  2 orc priests
  A centaur skeleton (D:4)
  4 iguanas
  6 worker ants
  A hound zombie (D:6)
  A worker ant zombie (D:7)
  11 adders
  7 gnolls
  A shadow imp (D:8)
  An ooze (D:2)
  4 adder skeletons
  3 worms
  2 dart slugs
  5 leopard geckos
  28 orcs
  9 giant cockroaches
  8 goblins
  11 hobgoblins
  17 jackals
  6 quokkas
  4 ball pythons (D:3)
  6 bats
  5 frilled lizards
  A jackal skeleton (D:5)
  4 kobolds (D:1)
  A quokka zombie (D:8)
  6 rats
187 creatures vanquished.

Vanquished Creatures (others)
  A fungus (D:9)
1 creature vanquished.

Grand Total: 188 creatures vanquished

Notes
Turn   | Place    | Note
-------+----------+-------------------------------------------
     0 | D:1      | pk666 the Deep Elf Wizard began the quest for the Orb.
     0 | D:1      | Reached XP level 1. HP: 10/10 MP: 7/7
   244 | D:1      | Reached XP level 2. HP: 13/15 MP: 6/9
   772 | D:1      | Reached skill level 5 in Spellcasting
   932 | D:1      | Reached XP level 3. HP: 19/19 MP: 9/11
  1543 | D:2      | Found a sparkling altar of Nemelex Xobeh.
  2151 | D:2      | Learned a level 2 spell: Blink
  2155 | D:2      | Learned a level 3 spell: Conjure Flame
  2159 | D:2      | Learned a level 3 spell: Mephitic Cloud
  2272 | D:3      | Reached XP level 4. HP: 24/24 MP: 7/13
  2475 | D:3      | HP: 1/24 [iguana (5)]
  2872 | D:3      | Reached skill level 1 in Poison Magic
  3149 | D:3      | Reached skill level 1 in Fire Magic
  3213 | D:3      | Reached XP level 5. HP: 28/28 MP: 10/15
  3553 | D:3      | Found a stormy altar of Qazlal.
  3704 | D:4      | Reached skill level 1 in Air Magic
  3850 | D:4      | Noticed an ogre
  3862 | D:4      | Killed an ogre
  3862 | D:4      | Reached XP level 6. HP: 32/32 MP: 10/16
  4083 | D:4      | Reached skill level 6 in Spellcasting
  4433 | D:4      | You fall into a shaft and drop 2 floors!
  4719 | D:5      | Entered Level 5 of the Dungeon
  5127 | D:4      | Reached XP level 7. HP: 36/36 MP: 18/18
  5269 | D:4      | Found a staircase to the Ecumenical Temple.
  5340 | Temple   | Entered the Ecumenical Temple
  5415 | Temple   | Became a worshipper of Vehumet
  6256 | D:5      | Reached skill level 7 in Spellcasting
  6611 | D:5      | Reached skill level 5 in Conjurations
  6611 | D:5      | Reached XP level 8. HP: 41/41 MP: 18/21
  6918 | D:5      | Reached skill level 8 in Spellcasting
  7605 | D:6      | Reached skill level 5 in Fire Magic
  7619 | D:6      | Reached * piety under Vehumet
  7619 | D:6      | Offered knowledge of Shock by Vehumet.
  7716 | D:6      | Found a hazy altar of Hepliaklqana.
  8706 | D:7      | Reached skill level 9 in Spellcasting
  8940 | D:7      | Reached XP level 9. HP: 45/45 MP: 20/24
  9145 | D:7      | Found an ornate altar of the Wu Jian Council.
  9401 | D:7      | Offered knowledge of Throw Flame by Vehumet.
  9472 | D:7      | Reached ** piety under Vehumet
 10209 | D:8      | Found an iron altar of Okawaru.
 10520 | D:8      | Found a bloodstained altar of Trog.
 10565 | D:9      | Reached skill level 5 in Dodging
 10569 | D:9      | Slain by a porcupine

Levels and vault maps discovered:
D:1:      lightli_arrival_noodles, layout_loops_ring
D:2:      layout_basic, old_standard_altar, first_ration
D:3:      layout_rooms, nicolae_qazlal_eye_of_the_storm,
          minmay_shallow_snake_nest
D:4:      minmay_skewed_foursquare, layout_basic, minmay_temple_entry_ruins,
          cheibrodos_sewer_entry_bend, minmay_misc_feat_iff
D:5:      layout_cave_pods
D:6:      layout_basic, lemuel_coloured_pillars_altar
D:7:      layout_gridville, marbit_many_paths
D:8:      layout_basic, lemuel_crystal_altar, kennysheep_mini
D:9:      layout_big_octagon, minitemple, minmay_lair_entry_grove,
          serial_rivers, chequers_serial_rivers_micro_a,
          chequers_serial_rivers_micro_a, chequers_serial_rivers_small_3,
          chequers_serial_rivers_micro_a, minivault_24, david_nohive_1
Temple:   hc_temple_tempest_star

Skill      XL: |  1  2  3  4  5  6  7  8  9 |
---------------+----------------------------+-----
Dodging        | 3 4 5 |  5.1
Conjurations   | 2 3 5 6 7 |  7.2
Spellcasting   | 5 6 7 9 |  9.7
Poison Magic   | 1 2 3 |  3.1
Fire Magic     | 1 2 4 6 |  6.5
Air Magic      | 1 2 |  2.0
Translocations | 2 3 |  3.0
Stealth        | |  2.4
Summonings     | |  1.1

Action                   |  1- 3 |  4- 6 |  7- 9 || total
-------------------------+-------+-------+-------++-------
Melee: Dagger            |       |       |     2 ||     2
 Cast: Magic Dart        |   132 |   176 |   374 ||   682
       Conjure Flame     |       |     3 |    12 ||    15
       Mephitic Cloud    |       |     1 |    14 ||    15
       Blink             |       |     2 |     2 ||     4
  Use: Scroll            |     4 |       |       ||     4
  Eat: Chunk             |     4 |     8 |    17 ||    29
Armor: Robe              |     5 |    27 |    20 ||    52
Dodge: Dodged            |    14 |    66 |    53 ||   133

Table legend:
 A = Non-vault XP
 B = Vault XP
 C = Vault XP percentage of total XP
 D = Non-vault monster count
 E = Vault monster count
 F = Vault count percentage of total count
                 A         B        C        D         E       F
            +---------+---------+-------+---------+---------+-------
      Total |    3115 |     598 |  16.1 |     174 |      13 |   7.0
            +---------+---------+-------+---------+---------+-------
        D:1 |      53 |       0 |   0.0 |      32 |       0 |   0.0
        D:2 |      26 |       0 |   0.0 |       9 |       0 |   0.0
        D:3 |     122 |      17 |  12.2 |      26 |       5 |  16.1
        D:4 |     497 |     210 |  29.7 |      28 |       6 |  17.6
        D:5 |     820 |       0 |   0.0 |      20 |       0 |   0.0
        D:6 |     610 |       0 |   0.0 |      27 |       0 |   0.0
        D:7 |     608 |     177 |  22.5 |      19 |       1 |   5.0
        D:8 |     379 |       0 |   0.0 |      13 |       0 |   0.0
        D:9 |       0 |     194 | 100.0 |       0 |       1 | 100.0
            +---------+---------+-------+---------+---------+-------
